 Dungeon Crawl Stone Soup version 0.23.2-40-g277498a001 (webtiles) character file.

Game seed: 14873613561189247907

55 Emblim88 the Skirmisher (level 3, 0/30 HPs)
             Began as a Demonspawn Abyssal Knight on Aug 17, 2019.
             Was a Follower of Lugonu.
             Succumbed to Terence's poison
             ... on level 2 of the Dungeon.
             The game lasted 00:02:40 (2213 turns).

Emblim88 the Skirmisher (Demonspawn Abyssal Knight) Turns: 2213, Time: 00:02:41

Health: 0/30       AC:  4    Str: 13    XL:     3   Next: 67%
Magic:  13/13      EV: 11    Int: 13    God:    Lugonu [*.....]
Gold:   156        SH:  4    Dex: 12    Spells: 2/2 levels left

rFire    + . .     SeeInvis .   m - +0 dagger (curse)
rCold    + + .     Gourm    .   (no shield)
rNeg     . . .     Faith    .   b - +1 leather armour
rPois    .         Spirit   .   (no helmet)
rElec    .         Reflect  .   k - scarf {rC+ rF+}
rCorr    .         Harm     .   (no gloves)
MR       .....                  (no boots)
Stlth    ++........             (no amulet)
HPRegen  0.10/turn              h - ring of protection from cold
MPRegen  0.13/turn              i - ring of magical power

@: lethally poisoned (0 -> -29)
A: large bone plates 1, nightstalker 1
a: Depart the Abyss, Renounce Religion


You were on level 2 of the Dungeon.
You worshipped Lugonu.
Lugonu was aware of your devotion.
You were hungry.

You visited 1 branch of the dungeon, and saw 2 of its levels.
You visited the Abyss 1 time.

You collected 156 gold pieces.

Inventory:

Hand Weapons
 a - a +2 mace
 m - a cursed +0 dagger (weapon)
Armour
 b - a +1 leather armour (worn)
 k - a scarf of resistance (worn)
Jewellery
 h - a ring of protection from cold (left hand)
 i - a ring of magical power (right hand)
Scrolls
 d - a scroll of teleportation {unknown}
 f - a scroll of fear
Potions
 g - 2 potions of flight {unknown}
 j - a potion of lignification {unknown}
Comestibles
 c - a ration


   Skills:
 + Level 3.8 Fighting
 + Level 0.2 Short Blades
 + Level 2.5 Maces & Flails
 + Level 2.0 Armour
 + Level 1.0 Dodging
 + Level 0.5 Stealth
 + Level 2.5 Invocations


You had 2 spell levels left.
You didn't know any spells.
Your spell library was empty.

Dungeon Overview and Level Annotations

Branches:
Dungeon (2/15)

Altars:
Xom

Annotations:
D:2 Terence


Innate Abilities, Weirdness & Mutations

You are partially covered in large bone plates. (SH +4)
You are slightly more attuned to the shadows.


Message History

You are too injured to fight recklessly!
You are too injured to fight recklessly!
You closely miss Terence.
Terence is moderately wounded.
* * * LOW HITPOINT WARNING * * *
You feel sick. Terence hits you but does no damage.
You hit Terence.
Terence is moderately wounded.
* * * LOW HITPOINT WARNING * * *
You feel sick.
Terence hits you with a +2 short sword of venom.
* * * LOW HITPOINT WARNING * * *
You are more poisoned.
You closely miss Terence.
Terence is moderately wounded.
* * * LOW HITPOINT WARNING * * *
You feel sick. You block Terence's attack.
You barely miss Terence.
Terence is moderately wounded.
You die...

#(..... ####### # # #
### ########
###.###.#####......####
.....@@....<...........
###.###.###.######.....
#.#........#.....
###.#.#.####.#.....
..#.#...# #.#.####
....########.#..... ###
#.###........#.#### ...
#.# #.########.# #.##.#
#.# ###


You could see Terence.

Vanquished Creatures
  An adder (D:2)
  A worm (D:2)
  A dart slug (D:1)
  3 leopard geckos
  2 giant cockroaches (D:1)
  3 goblins (D:1)
  4 hobgoblins
  8 jackals
  4 kobolds
  2 ball pythons (D:1)
  2 bats (D:1)
  4 frilled lizards
35 creatures vanquished.

Notes
Turn   | Place    | Note
-------+----------+-------------------------------------------
     0 | Abyss:1  | Emblim88 the Demonspawn Abyssal Knight began the quest for
                  | the Orb.
     0 | Abyss:1  | Reached XP level 1. HP: 18/18 MP: 2/2
    67 | Abyss:1  | Noticed a chaos spawn
    68 | Abyss:1  | Noticed a ynoxinul
    69 | D:1      | Escaped the Abyss
   497 | D:1      | Found a shimmering altar of Xom.
   518 | D:1      | Gained mutation: You are slightly more attuned to the
                  | shadows. [demonic ancestry]
   518 | D:1      | Reached XP level 2. HP: 24/24 MP: 3/3
   797 | D:1      | Reached * piety under Lugonu
  1296 | D:2      | Gained mutation: You are partially covered in large bone
                  | plates. (SH +4) [demonic ancestry]
  1296 | D:2      | Reached XP level 3. HP: 17/30 MP: 4/4
  1630 | D:2      | Reached skill level 1 in Dodging
  2187 | D:2      | Noticed Terence
  2213 | D:2      | Succumbed to Terence's poison

Skill      XL: |  1  2  3 |
---------------+----------+-----
Maces & Flails | 2 |  2.5
Armour         | 2 |  2.0
Dodging        | 1 |  1.0
Fighting       | |  3.8
Short Blades   | |  0.2
Stealth        | |  0.5
Invocations    | |  2.5

Action                   || total
-------------------------++-------
Melee: Mace              ||    65
       Dagger            ||   127
Invok: Depart the Abyss  ||     1
  Use: Scroll            ||     3
 Stab: Sleeping          ||     3
  Eat: Ration            ||     1
Armor: Leather armour    ||    82
Dodge: Dodged            ||   125
Block: Other             ||    19
